 Dungeon Crawl Stone Soup version 0.29.1-12-g30fa7ad0bf (webtiles) character file.

Game seed: 17214122551900342016

45 wormed the Magician (level 3, -1/28 HPs)
             Began as a Djinni Fire Elementalist on Dec 25, 2022.
             Slain by a gnoll
             ... wielding a +0 halberd
              (2 damage)
             ... on level 2 of the Dungeon.
             The game lasted 00:01:51 (1573 turns).

wormed the Magician (Djinni Fire Elementalist)      Turns: 1573, Time: 00:01:52

Health: -1/28      AC:  3    Str:  7    XL:     3   Next: 90%
Gold:   57         EV: 12    Int: 18    God:
                   SH:  0    Dex: 13

rFire   + + .      SeeInvis .   (no weapon)
rCold   x . .      Faith    .   (no shield)
rNeg    . . .      Spirit   .   a - +0 robe
rPois   ∞          Reflect  .   (no helmet)
rElec   .          Harm     .   (no cloak)
rCorr   .          Rampage  .   h - +0 pair of gloves
Will    .....                   (boots unavailable)
Stlth   ++........              (no amulet)
HPRegen 0.09/turn               (no ring)
MPRegen 0.00/turn               (no ring)

@: flying
A: sickness immunity, fire resistance 2, cold vulnerability 1, float, innate
caster, HP casting, extra vitality 1
a: no special abilities


You were on level 2 of the Dungeon.
You visited 1 branch of the dungeon, and saw 2 of its levels.

You collected 57 gold pieces.

Inventory:

Armour
 a - a +0 robe (worn)
 h - a +0 pair of gloves (worn)
Scrolls
 b - 3 scrolls of teleportation {unknown}
 c - a scroll of poison {unknown}
 d - a scroll of magic mapping {unknown}
 e - 2 scrolls of enchant weapon {unknown}
 g - a scroll of brand weapon {unknown}


   Skills:
 + Level 2.1 Fighting
 - Level 2.1 Dodging
 - Level 1.5 Stealth
 + Level 3.0 Spellcasting


You couldn't memorise any spells.
You knew the following spells:

 Your Spells              Type           Power      Damage    Failure   Level
a - Foxfire               Conj/Fire      52%        2x1d6     4%          1
b - Scorch                Fire           26%        2d6       7%          2
c - Conjure Flame         Conj/Fire      13%        6-21      14%         3
d - Inner Flame           Hex/Fire       13%        N/A       14%         3
e - Flame Wave            Conj/Fire      13%        2d6       41%         4
f - Apportation           Tloc           26%        N/A       4%          1
Your spell library was empty.

Dungeon Overview and Level Annotations

Branches:
Dungeon (2/15)

Altars:

Shops:
D:1 (


Innate Abilities, Weirdness & Mutations

You are immune to sickness and miasma.
You are immune to poison.
Your flesh is very heat resistant. (rF++)
You are vulnerable to cold. (rC-)
You float through the air rather than walking.
You learn spells naturally, not from books.
Your magical power is your life essence.
You have superior vitality. (+4 MHP)


Message History

You see here a hobgoblin corpse.
The gnoll misses you. The gnoll hits you with a +0 spear.
* * * LOW HITPOINT WARNING * * *
It was a potion of heal wounds.
You feel much better. The adder closely misses you.
The gnoll closely misses you.
The gnoll hits you from afar with a +0 halberd!
Casting: Scorch (safe; 8% risk of failure)
Confirm with . or Enter, or press ? or * to list all spells.
Flames lash the gnoll.
The gnoll is severely wounded.
The gnoll's fire resistance burns away.
The adder misses you. The gnoll hits you with a +0 spear.
The gnoll barely misses you.
Casting: Scorch (safe; 8% risk of failure)
Confirm with . or Enter, or press ? or * to list all spells.
Flames lash the gnoll.
The gnoll is burned terribly!
You kill the gnoll!
The adder bites you but does no damage. The adder bites you.
* * * LOW HITPOINT WARNING * * *
The gnoll closely misses you.
Your Fighting skill increases to level 2!
Your Spellcasting skill increases to level 3!
The gnoll barely misses you.
Things that are here:
a +0 spear; a gnoll corpse
Casting: Scorch (safe; 7% risk of failure)
Confirm with . or Enter, or press ? or * to list all spells.
Flames lash the gnoll.
The gnoll is moderately wounded.
The gnoll's fire resistance burns away.
* * * LOW HITPOINT WARNING * * *
The adder closely misses you. The gnoll hits you with a +0 halberd.
* * * LOW HITPOINT WARNING * * *
A rat comes into view.
Casting: Scorch (safe; 7% risk of failure)
Confirm with . or Enter, or press ? or * to list all spells.
You don't have enough health to cast this spell.
The adder bites you but does no damage. The gnoll misses you.
There is a stone staircase leading up here.
The adder barely misses you. The gnoll hits you with a +0 halberd.
You die...

.. ##.#..# . ..
#<.#..# ..
.##..#..# ...
....#..# ....
...##.# .....
#). ..# #
......#g###.#.#
.......@S.†$..#
###.#######.###
.... ##.##.#
... # ... ##!#
..


You could see a gnoll (combustible) and an adder.

Vanquished Creatures
  3 gnolls (D:2)
  An endoplasm (D:1)
  A giant cockroach (D:1)
  2 goblins (D:1)
  2 hobgoblins
  2 ball pythons (D:1)
  3 bats (D:1)
  A frilled lizard (D:1)
  2 kobolds (D:1)
  A rat (D:1)
18 creatures vanquished.

Vanquished Creatures (others)
  32 foxfires
32 creatures vanquished.

Grand Total: 50 creatures vanquished

Notes
Turn   | Place    | Note
-------+----------+-------------------------------------------
     0 | D:1      | wormed the Djinni Fire Elementalist began the quest for the
                  | Orb.
     0 | D:1      | wormed set off with the following spells memorised:
                  | Foxfire, Scorch, Conjure Flame, Inner Flame, Flame Wave.
     0 | D:1      | Reached XP level 1. HP: 15/15 MP: 0/0
   472 | D:1      | Reached XP level 2. HP: 21/22 MP: 0/0
   495 | D:1      | Reached skill level 1 in Fighting
  1340 | D:1      | Found Bitaha's Antique Weapon Emporium.
  1559 | D:2      | Reached XP level 3. HP: 13/28 MP: 0/0
  1559 | D:2      | Learned a level 1 spell: Apportation
  1570 | D:2      | Reached skill level 3 in Spellcasting
  1571 | D:2      | HP: 1/28 [gnoll/+0 halberd (5)]
  1573 | D:2      | Slain by a gnoll

Illustrated notes

Levels and vault maps discovered:
D:1:      eino_arrival_cavern_e, layout_basic, serial_shops, nicolae_shop_stone
D:2:      layout_basic, basic_altar, uniq_crazy_yiuf_cottage

Skill      XL: |  1  2  3 |
---------------+----------+-----
Fighting       | 1 2 |  2.1
Spellcasting   | 3 |  3.0
Dodging        | |  2.1
Stealth        | |  1.5

Action                   || total
-------------------------++-------
Melee: Unarmed           ||     1
 Cast: Foxfire           ||    18
       Scorch            ||    15
  Use: Potion            ||     1
Armor: Robe              ||     4
Dodge: Dodged            ||    17
